 Dungeon Sprint DCSS version bcrawl-1.12.2 (webtiles) character file.

Game seed: 12442748546835432349

723 Anmu the Blocker (level 8, -2/73 HPs)
             Began as a Formicid Fighter on July 21, 2019.
             Was an Initiate of Okawaru.
             Slain by a sixfirhy (12 damage)
             ... summoned by a kobold demonologist
             ... in the Dungeon (Sprint I: "Red Sonja").
             The game lasted 00:05:39 (637 turns).

Anmu the Blocker (Formicid Fighter)                  Turns: 637, Time: 00:05:40

Health: -2/73      AC:  0    Str: 22    XL:     8   Next: 2%
Magic:  8/8        EV: 10    Int:  7    God:    Okawaru [......]
Gold:   43         SH: 12    Dex: 12    Spells: 7/7 levels left

rFire    . . .     SeeInvis +   m - +2 battleaxe (flame)
rCold    . . .     Gourm    .   c - +0 shield
rNeg     . . .     Faith    .   b - +0 scale mail
rPois    .         Spirit   .   (helmet unavailable)
rElec    .         Reflect  .   (no cloak)
rCorr    .         Harm     .   (no gloves)
MR       .....                  (no boots)
Stlth    ..........             (no amulet)
HPRegen  0.22/turn              (no ring)
MPRegen  0.11/turn              (no ring)

@: corroded
A: permanent stasis, dig shafts and tunnels, four strong arms, antennae 3
a: Dig, Renounce Religion


You were in the Dungeon.
You worshipped Okawaru.
Okawaru was noncommittal.
You were not hungry.

You visited 1 branch You collected 430 gold pieces.
You spent 387 gold pieces at shops.

Inventory:

Hand Weapons
 m - a +2 battleaxe of flaming (weapon)
Armour
 b - a +0 scale mail (worn)
 c - a +0 shield (worn)
Wands
 l - a wand of polymorph (5)
Scrolls
 d - a scroll of enchant weapon {unknown}
Potions
 e - a potion of curing
 g - a potion of agility
 i - 2 potions of magic
 j - a potion of berserk rage
Comestibles
 f - a ration {!d}


   Skills:
 + Level 10.4 Fighting
 + Level 6.1 Axes
 + Level 10.0 Armour
 + Level 10.9 Shields
 + Level 1.3 Unarmed Combat


You had 7 spell levels left.
You didn't know any spells.
Your spell library was empty.

Dungeon Overview and Level Annotations

Branches:
Dungeon (1/1)

Altars:
Cheibriados
Dithmenos
Elyvilon
Fedhas
Gozag
Hepliaklqana
Kikubaaqudgha
Lugonu
Makhleb
Nemelex Xobeh
Okawaru
Qazlal
Ru
Sif Muna
Trog
Uskayaw
Vehumet
Wu Jian
Xom
Yredelemnul
Zin
The Shining One
Jiyva

Shops:
D *


Innate Abilities, Weirdness & Mutations

You cannot be hasted, slowed, berserked, paralysed or teleported.
You can dig through walls and to a lower floor.
Your four strong arms can wield two-handed weapons with a shield.
You have a pair of large antennae on your head. (SInv)


Message History

The rust devil is heavily wounded.
You block the rust devil's attack.
You barely miss the rust devil.
The rust devil is heavily wounded.
You block the rust devil's attack. The rust devil barely misses you.
You slash the rust devil!
The rust devil is almost dead.
The rust devil hits you! The rust devil corrodes you!
The kobold demonologist casts a spell.
You closely miss the rust devil.
The rust devil is almost dead.
You block the sixfirhy's attack. x2; The sixfirhy hits you!
The sixfirhy shocks you!
You closely miss the sixfirhy. The sixfirhy hits you. The sixfirhy shocks you!
You barely miss the sixfirhy. You block the sixfirhy's attack.
You completely miss the sixfirhy. The sixfirhy barely misses you.
The sixfirhy hits you!
* * * LOW HITPOINT WARNING * * *
The sixfirhy shocks you!
You die...

##########################
#<.#.)+..#.)'.5#__#..'...#
#..'..#..)..#5K45G'K.#
#..#####+.####3#4_#### {
#..####..#...#@#### {
#..#__####..##.# {
#..._____##'#_.+ {
#⌠⌠#_.∩...'..._# {
####_..__##_.#'#
#_____###+#.# ####### ###
{ {


You could see a hellwing, a kobold demonologist, a sixfirhy, a white imp and an
ufetubus.

Vanquished Creatures
  A slime creature (D)
  Sigmund (D)
  A yak (D)
  A floating eye (D)
  An ogre (D)
  A jelly (D)
  Ijyb (D)
7 creatures vanquished.

Notes
Turn   | Place    | Note
-------+----------+-------------------------------------------
     0 | D        | Anmu the Formicid Fighter began the quest for the Orb.
     0 | D        | Reached XP level 1. HP: 18/18 MP: 1/1
    10 | D        | Noticed Ijyb
    17 | D        | Killed Ijyb
    17 | D        | Reached skill level 5 in Shields
    17 | D        | Reached XP level 2. HP: 16/26 MP: 2/2
    17 | D        | Reached XP level 3. HP: 19/32 MP: 3/3
   146 | D        | Found a glowing golden altar of the Shining One.
   146 | D        | Found an iron altar of Okawaru.
   146 | D        | Found a bloodstained altar of Trog.
   146 | D        | Found a blossoming altar of Fedhas.
   146 | D        | Found a stormy altar of Qazlal.
   146 | D        | Found an ancient bone altar of Kikubaaqudgha.
   146 | D        | Found a white marble altar of Elyvilon.
   146 | D        | Found a glowing silver altar of Zin.
   146 | D        | Found Nol Zuli's General Store.
   146 | D        | Found a basalt altar of Yredelemnul.
   146 | D        | Found a hide-covered altar of Uskayaw.
   146 | D        | Found a hazy altar of Hepliaklqana.
   146 | D        | Found a shadowy altar of Dithmenos.
   146 | D        | Found a sacrificial altar of Ru.
   146 | D        | Found a snail-covered altar of Cheibriados.
   146 | D        | Found an opulent altar of Gozag.
   146 | D        | Found a sparkling altar of Nemelex Xobeh.
   146 | D        | Noticed a yak
   153 | D        | Killed a yak
   153 | D        | Reached XP level 4. HP: 43/43 MP: 4/4
   153 | D        | Reached XP level 5. HP: 48/48 MP: 5/5
   158 | D        | Found a deep blue altar of Sif Muna.
   158 | D        | Found a radiant altar of Vehumet.
   158 | D        | Found an ornate altar of the Wu Jian Council.
   160 | D        | Reached XP level 6. HP: 56/56 MP: 6/6
   172 | D        | Noticed Sigmund
   176 | D        | Killed Sigmund
   176 | D        | Reached skill level 1 in Unarmed Combat
   179 | D        | Noticed an ogre
   183 | D        | Killed an ogre
   183 | D        | Reached skill level 10 in Shields
   183 | D        | Reached XP level 7. HP: 44/64 MP: 7/7
   194 | D        | Found a burning altar of Makhleb.
   194 | D        | Found a viscous altar of Jiyva.
   194 | D        | Found a shimmering altar of Xom.
   194 | D        | Found a corrupted altar of Lugonu.
   194 | D        | Noticed a slime creature
   214 | D        | Killed a slime creature
   214 | D        | Reached skill level 10 in Fighting
   214 | D        | Reached skill level 5 in Axes
   228 | D        | Became a worshipper of Warmaster Okawaru
   549 | D        | Bought a potion of agility for 56 gold pieces
   589 | D        | Bought a +2 battleaxe of flaming for 331 gold pieces
   609 | D        | Noticed a kobold demonologist
   624 | D        | Reached skill level 10 in Armour
   624 | D        | Reached XP level 8. HP: 73/73 MP: 8/8
   625 | D        | Noticed a rust devil
   629 | D        | Noticed a hellwing
   634 | D        | Noticed a sixfirhy
   637 | D        | Slain by a sixfirhy

Skill      XL: |  1  2  3  4  5  6  7 |
---------------+----------------------+-----
Fighting       | 4 7 9 10 | 10.4
Armour         | 4 7 9 10 | 10.0
Shields        | 5 7 8 10 | 10.9
Axes           | 3 4 6 |  6.1
Unarmed Combat | 1 |  1.3

Action                   |  1- 3 |  4- 6 |  7- 9 || total
-------------------------+-------+-------+-------++-------
Melee: War axe           |     7 |     8 |    18 ||    33
       Unarmed           |     2 |       |       ||     2
       Battleaxe         |       |       |    15 ||    15
 Abil: Dig               |     1 |       |     1 ||     2
  Use: Potion            |     1 |       |     1 ||     2
Armor: Scale mail        |     4 |     1 |     7 ||    12
Dodge: Dodged            |     2 |     2 |     6 ||    10
Block: Shield            |     3 |     2 |    17 ||    22
